 Dungeon Crawl Stone Soup version 0.31-a0-662-g684573625c (webtiles) character file.

Game seed: 14351748887461755247

66 Shayle the Changeling (level 4, 0/41 HPs)
             Began as an Ogre Shapeshifter on Aug 31, 2023.
             Slain by a hobgoblin (4 damage)
             ... on level 2 of the Dungeon.
             The game lasted 00:03:26 (1307 turns).

Shayle the Changeling (Ogre Shapeshifter)           Turns: 1307, Time: 00:03:27

Health: 0/41       AC:  3    Str: 18    XL:     4   Next: 15%
Magic:  4/4        EV:  8    Int: 13    God:
Gold:   68         SH:  8    Dex:  8    Spells: 3/3 levels left

rFire   . . .        o - +1 dagger (venom)
rCold   + . .        n - +2 kite shield
rNeg    . . .        a - +0 animal skin
rPois   .            (helmet currently unavailable)
rElec   .            (cloak currently unavailable)
rCorr   .            (gloves unavailable)
SInv    +            (boots unavailable)
Will    .....        (no amulet)
Stlth   +            k - ring of protection from cold
HPRegen 0.26/turn    i - ring of see invisible
MPRegen 0.09/turn

%: no passive effects
@: beast-form
A: beast (slay +2), large, unfitting armour, tough skin 1
a: Begin Untransformation


You were on level 2 of the Dungeon.
You were a hulking beast.
You visited 1 branch of the dungeon, and saw 2 of its levels.

You collected 68 gold pieces.

Inventory:

Hand Weapons
 o - a +1 dagger of venom (weapon)
Armour
 a - a +0 animal skin (worn)
 g - a +0 cloak
 n - a +2 kite shield (worn)
Jewellery
 i - a ring of see invisible (right hand)
 k - a ring of protection from cold (left hand)
 m - an amulet of guardian spirit
Talismans
 c - a beast talisman (active)
 d - a flux talisman
Scrolls
 f - 2 scrolls of brand weapon {unknown}
 h - 5 scrolls of identify {unknown}
 j - a scroll of revelation {unknown}
 l - a scroll of enchant armour {unknown}
 p - a scroll of fog {unknown}
 q - a scroll of torment {unknown}
 r - 2 scrolls of poison {unknown}
 s - a scroll of fear {unknown}
Potions
 b - 2 potions of lignification
 e - 3 potions of heal wounds {unknown}


   Skills:
 - Level 1.3 Fighting
 - Level 1.7 Dodging
 + Level 1.1 Shields
 + Level 3.5 Unarmed Combat
 + Level 3.7 Shapeshifting


You had 3 spell levels left.
You didn't know any spells.
Your spell library was empty.

Dungeon Overview and Level Annotations

Branches:
Dungeon (2/15)

Altars:

Annotations:
D:2 Sigmund


Innate Abilities, Weirdness & Mutations

You are a hulking beast.
Your limbs bulge with bestial killing power. (Slay +2)
You are too large for most types of armour.
You have tough skin. (AC +1)


Message History

There is an open door here.
As you open the door, it creaks loudly!
Found a mace.
There is an open door here.
r - 2 scrolls labelled YNIUWO ROTT (gained 1)
s - a scroll labelled RENOKK XYOBEIF
There is an open door here.
There is an open door here.
There is an open door here.
e - 3 silvery potions (gained 1)
A rat comes into view.
A rat is nearby!
You block the rat's attack.
You hit the rat but do no damage.
The rat is poisoned.
The rat barely misses you.
You hit the rat.
You kill the rat!
You see here a rat corpse.
Things that are here:
a +0 short sword; a stone Sigmund and a hobgoblin come into view.
Sigmund is wielding a +4 heavy scythe.
The hobgoblin shouts!
Sigmund shouts!
A hobgoblin comes into view.
The hobgoblin shouts!
Sigmund giggles. "Time to reap what you sow."
Sigmund hits you from afar with a +4 heavy scythe!
The hobgoblin hits you. The hobgoblin hits you.
You hit Sigmund.
Sigmund is lightly wounded.
You block Sigmund's attack. You block the hobgoblin's attack.
You closely miss Sigmund.
Sigmund is lightly wounded.
The hobgoblin hits you but does no damage.
You closely miss Sigmund.
Sigmund is lightly wounded.
Sigmund hits you with a +4 heavy scythe!
* * * LOW HITPOINT WARNING * * *
The hobgoblin hits you.
You die...

.†.)...#...######+#'#######
..###...............# ..#
#...............# ..#
#...............# ###
#........)#####.#
#...........# #.#
#...........###+#######
#####........@g.......#
#.......h#.........
#......g.#...g.....
#........#.........
#........#........#
#.......##@.......#
#.....####........# #.###.
#..g..?..# # ## #........#
#........#


You could see Sigmund and 2 hobgoblins.

Vanquished Creatures
  Jessica (D:2)
  An adder (D:2)
  5 endoplasms
  2 giant cockroaches
  A goblin (D:1)
  2 hobgoblins
  2 jackals (D:1)
  2 quokkas
  2 ball pythons (D:1)
  2 bats (D:1)
  5 frilled lizards (D:1)
  4 kobolds
  A rat (D:2)
30 creatures vanquished.

Notes
Turn   | Place    | Note
-------+----------+-------------------------------------------
     0 | D:1      | Shayle the Ogre Shapeshifter began the quest for the Orb.
     0 | D:1      | Reached XP level 1. HP: 19/19 MP: 1/1
   168 | D:1      | Reached XP level 2. HP: 24/27 MP: 2/2
  1007 | D:2      | Reached XP level 3. HP: 33/33 MP: 3/3
  1029 | D:2      | Noticed Jessica
  1036 | D:2      | Killed Jessica
  1037 | D:2      | Reached XP level 4. HP: 41/41 MP: 4/4
  1063 | D:2      | Reached skill level 1 in Shields
  1292 | D:2      | Noticed Sigmund
  1307 | D:2      | Slain by a hobgoblin

Illustrated notes

Levels and vault maps discovered:
D:1:      dpeg_arrival_stonehenge_8_columns, layout_basic, minmay_lizard_pond
D:2:      layout_basic, mrwooster_statue_mirror, uniq_jessica, uniq_sigmund

Skill      XL: |  1  2  3  4 |
---------------+-------------+-----
Unarmed Combat | 3 |  3.5
Shields        | 1 |  1.1
Fighting       | |  1.3
Dodging        | |  1.7
Shapeshifting  | |  3.7

Action                     |  1- 3 |  4- 6 || total
---------------------------+-------+-------++-------
  Melee: Unarmed           |    67 |       ||    67
         Dagger            |       |    21 ||    21
 Armour: Animal skin       |    42 |    14 ||    56
  Dodge: Dodged            |    30 |     4 ||    34
  Block: Kite shield       |     3 |     8 ||    11

Table legend: (Time is in decaauts)
 A = Elapsed time spent in this place.
 B = Non-inter-level travel time spent in this place.
 C = Inter-level travel time spent in this place.
 D = Time resting spent in this place.
 E = Time spent auto-exploring this place.
 F = Levels seen in this place.
 G = Mean time per level.
                   A        B        C        D        E       F      G
               +--------+--------+--------+--------+--------+-----+--------+
         Total |   1306 |   1297 |      9 |      0 |    984 |   2 |  653.0 |
       Dungeon |   1306 |   1297 |      9 |      0 |    984 |   2 |  653.0 |
               +--------+--------+--------+--------+--------+-----+--------+

Top non-repeatable levels by time:
     D:1: 827 daAuts
     D:2: 479 daAuts
